 Dungeon Crawl Stone Soup version 0.28.0 (webtiles) character file.

Game seed: 2404005899242980063

13139 Dirian the Severer (level 12, -3/144 HPs)
             Began as a Hill Orc Fighter on Feb 14, 2022.
             Was a High Priest of Hepliaklqana.
             Slain by a 17-headed hydra (6 damage)
             ... on level 1 of the Lair of Beasts.
             The game lasted 00:23:23 (12673 turns).

Dirian the Severer (Hill Orc Fighter)              Turns: 12673, Time: 00:23:23

Health: -3/144     AC: 18    Str: 22    XL:     12   Next: 2%
Magic:  17/17      EV:  6    Int:  8    God:    Hepliaklqana [*****.]
Gold:   801        SH:  7    Dex: 18    Spells: 11/11 levels left

rFire   . . .      SeeInvis .   a - +3 war axe
rCold   . . .      Faith    .   c - +0 buckler
rNeg    . . .      Spirit   .   I - +0 plate armour
rPois   .          Reflect  .   (no helmet)
rElec   .          Harm     .   B - +0 cloak
rCorr   .          Rampage  .   o - +0 pair of gloves
Will    .....                   J - +0 pair of boots
Stlth   ..........              (no amulet)
HPRegen 0.34/turn               (no ring)
MPRegen 0.15/turn               y - +6 ring of dexterity

@: berserking, studying Armour, very quick
A: reduced essence
a: Renounce Religion, Recall Ancestor, Ancestor Identity, Transference, Idealise


You were on level 1 of the Lair of Beasts.
You worshipped Hepliaklqana.
Hepliaklqana was extremely pleased with you.
You visited 2 branches of the dungeon, and saw 11 of its levels.
You also visited: Sewer.

You collected 801 gold pieces.

Inventory:

Hand Weapons
 a - a +3 war axe (weapon)
Missiles
 m - 290 stones (quivered)
 F - 8 throwing nets
Armour
 c - a +0 buckler (worn)
 h - a +1 chain mail of poison resistance
 o - a +0 pair of gloves (worn)
 x - a +1 chain mail of fire resistance
 B - a +0 cloak (worn)
 I - a +0 plate armour (worn)
 J - a +0 pair of boots (worn)
Jewellery
 k - a ring of fire
 y - a +6 ring of dexterity (right hand)
Wands
 v - a wand of digging (6)
 G - a wand of acid (5)
Scrolls
 b - 3 scrolls of fog
 i - a scroll of enchant weapon
 t - 5 scrolls of teleportation
 z - a scroll of blinking
Potions
 d - 3 potions of might
 f - a potion of flight
 g - a potion of magic
 j - 2 potions of ambrosia
 l - 2 potions of brilliance
 n - a potion of resistance
 q - 5 potions of curing
 u - 2 potions of mutation
 w - 2 potions of heal wounds
 D - a potion of attraction
 K - a potion of lignification


   Skills:
 + Level 10.5 Fighting
 * Level 15.1 Axes
 + Level 10.1 Armour
 + Level 9.6 Shields
 * Level 7.7 Invocations


You had 11 spell levels left.
You didn't know any spells.
Your spell library contained the following spells:

 Spells                   Type           Power      Damage    Failure   Level
 Animate Skeleton         Necr           0%         N/A       100%        1
 Apportation              Tloc           0%         N/A       100%        1
 Magic Dart               Conj           0%         1d3       100%        1
 Pain                     Necr           0%         1d4       100%        1
 Summon Small Mammal      Summ           0%         N/A       100%        1
 Searing Ray              Conj           0%         2d4       100%        2
 Call Canine Familiar     Summ           0%         N/A       100%        3
 Ozocubu's Armour         Ice            0%         N/A       100%        3
 Summon Guardian Golem    Hex/Summ       0%         N/A       100%        3
 Vampiric Draining        Necr           0%         2d6       100%        3
 Fulminant Prism          Conj/Hex       0%         3d6       100%        4
 Metabolic Englaciation   Hex/Ice        0%         N/A       100%        5
 Simulacrum               Ice/Necr       0%         N/A       100%        6


Dungeon Overview and Level Annotations

Branches:
Dungeon (10/15) Temple (0/1) D:4 Lair (1/6) D:10 Orc (0/2) D:9 D:10 Sewer (visited)

Altars:
Ashenzari
Cheibriados
Elyvilon
Fedhas
Hepliaklqana
Kikubaaqudgha
Nemelex Xobeh
Ru
Sif Muna
Trog
Vehumet
Wu Jian
Yredelemnul

Shops:
D:7 *

Annotations:
D:10 3 runed translucent doors, robertstho's ghost, novice DgFE


Message History

You block the 14-headed hydra's attack. The 14-headed hydra barely misses you.
The 14-headed hydra bites you! The 14-headed hydra bites you.
The 14-headed hydra completely misses you.
You block the 14-headed hydra's attack.
The 14-headed hydra bites you but does no damage.
The 14-headed hydra bites you!
* * * LOW HITPOINT WARNING * * *
The 14-headed hydra barely misses you.
The 14-headed hydra bites you but does no damage.
The 14-headed hydra barely misses you. x2; The 14-headed hydra bites you.
* * * LOW HITPOINT WARNING * * *
The 14-headed hydra bites you.
* * * LOW HITPOINT WARNING * * *
You barely miss the 14-headed hydra.
The 14-headed hydra is severely wounded.
You lop one of the 14-headed hydra's heads off!
The 13-headed hydra grows two more!
You slash the 15-headed hydra!
The 15-headed hydra is heavily wounded.
You lop one of the 15-headed hydra's heads off!
The 14-headed hydra grows two more!
You slash the 16-headed hydra!
The 16-headed hydra is heavily wounded.
You chop one of the 16-headed hydra's heads off!
The 15-headed hydra grows two more!
You slice the 17-headed hydra!!
The 17-headed hydra is severely wounded.
The 17-headed hydra bites you but does no damage.
The 17-headed hydra bites you!
* * * LOW HITPOINT WARNING * * *
The 17-headed hydra bites you.
* * * LOW HITPOINT WARNING * * *
The 17-headed hydra bites you but does no damage.
The 17-headed hydra bites you.
* * * LOW HITPOINT WARNING * * *
The 17-headed hydra barely misses you. x2; The 17-headed hydra bites you!
* * * LOW HITPOINT WARNING * * *
The 17-headed hydra bites you.
* * * LOW HITPOINT WARNING * * *
The 17-headed hydra bites you.
* * * LOW HITPOINT WARNING * * *
The 17-headed hydra bites you.
You die...

..........................
#.P##########..P########## ##
#÷÷.# ##..## # #...# #.####
##..# #.....# ### #..#
..#....####.####..#### ###
.......'...D@.....##.######.#
...⌠...#.....................
............#.#.#########....
..#....#....##### #...#
#...........## #....
###..##......# #...#
..........## #...#
...........## # ###...#
.........######.###.....#


You could see a 17-headed hydra (slow, drained).

Vanquished Creatures
  Harold (D:8)
  A centaur warrior (D:9)
  Pikel (D:6)
  An ugly thing (D:10)
  An elephant (D:10)
  Joseph (D:8)
  2 cane toads (Lair:1)
  A polar bear (D:10)
  A troll (D:9)
  2 wraiths
  Sigmund (D:6)
  6 wyverns
  7 yaks
  4 vampire mosquitoes
  3 water moccasins
  An orc warrior (D:9)
  2 black bears
  6 ice beasts
  A necrophage (D:8)
  2 phantoms (D:6)
  6 centaurs
  3 kobold brigands
  5 bullfrogs
  A gnoll sergeant (D:7)
  A water moccasin zombie (D:7)
  3 water moccasin skeletons
  A wyvern skeleton (D:6)
  8 killer bees
  A wight (D:8)
  4 howler monkeys (D:8)
  2 bullfrog zombies (D:5)
  A centaur zombie (D:9)
  6 jellies
  5 orc priests
  A hound (D:6)
  A centaur skeleton (D:5)
  3 iguanas
  2 orc wizards
  A hound skeleton (D:5)
  2 howler monkey zombies (D:8)
  7 gnolls
  5 adders
  5 white imps
  2 ufetubi
  4 dart slugs
  20 orcs
  2 bats
  15 endoplasms
  6 giant cockroaches
  3 hobgoblins
  A quokka (D:2)
  9 ball pythons
  3 frilled lizards
  11 goblins
  20 kobolds
  10 rats
  A spectral orc (D:5)
226 creatures vanquished.

Vanquished Creatures (collateral kills)
  A manticore (D:10)
  2 wyverns
  A basilisk (D:10)
  3 yaks
  An orc warrior (D:8)
  A sky beast (D:8)
  An ice beast (D:7)
  A necrophage (D:6)
  An ogre (D:5)
  2 centaurs
  A phantom (D:6)
  A bullfrog (Lair:1)
  3 killer bees
  3 howler monkeys
  A gnoll shaman (D:5)
  An orc priest (D:5)
  A jelly (D:5)
  Natasha (twice) (D:2)
  Terence (D:3)
  2 adders
  2 gnolls
  2 river rats
  A white imp (D:10)
  2 orcs
  2 ball pythons
  2 endoplasms (Sewer)
  2 giant cockroaches
  2 kobolds
  A quokka (D:2)
  4 bats
  3 frilled lizards (Sewer)
  A rat (Sewer)
54 creatures vanquished.

Vanquished Creatures (others)
  2 hexers
  A plant (D:10)
  3 toadstools (D:8)
6 creatures vanquished.

Grand Total: 286 creatures vanquished

Notes
Turn   | Place    | Note
-------+----------+-------------------------------------------
     0 | D:1      | Dirian the Hill Orc Fighter began the quest for the Orb.
     0 | D:1      | Reached XP level 1. HP: 19/19 MP: 1/1
   103 | D:1      | Found a faded altar of an unknown god.
   118 | D:1      | Prayed at the altar of an unknown god.
   118 | D:1      | Became a worshipper of Hepliaklqana the Forgotten
   118 | D:1      | Reached * piety under Hepliaklqana
   185 | D:1      | Reached skill level 3 in Axes
   190 | D:1      | Reached XP level 2. HP: 24/24 MP: 2/2
   496 | D:1      | Reached XP level 3. HP: 25/29 MP: 3/3
   810 | D:2      | Reached ** piety under Hepliaklqana
   976 | D:2      | Remembered your ancestor Gobbo as a hexer
  1130 | D:2      | Noticed Natasha
  1137 | D:2      | Killed Natasha
  1138 | D:2      | Reached skill level 4 in Axes
  1138 | D:2      | Reached XP level 4. HP: 26/36 MP: 4/4
  1555 | D:2      | Noticed Natasha
  1560 | D:2      | Killed Natasha
  1592 | D:2      | Reached XP level 5. HP: 40/42 MP: 5/5
  2160 | D:3      | Found a blossoming altar of Fedhas.
  2201 | D:3      | Found a glowing drain.
  2213 | Sewer    | Entered a sewer
  2454 | Sewer    | Reached skill level 5 in Axes
  2484 | Sewer    | Reached *** piety under Hepliaklqana
  2543 | Sewer    | Reached XP level 6. HP: 38/49 MP: 6/6
  2650 | Sewer    | Found a shimmering altar of Xom.
  2809 | Sewer    | Reached skill level 5 in Fighting
  3304 | D:3      | Noticed Terence
  3312 | D:3      | Killed Terence
  3313 | D:3      | Reached skill level 6 in Axes
  3625 | D:4      | Found a snail-covered altar of Cheibriados.
  3755 | D:4      | Found a white marble altar of Elyvilon.
  3789 | D:4      | Found a sparkling altar of Nemelex Xobeh.
  3795 | D:4      | Found a broken altar of Ashenzari.
  3901 | D:4      | Found a staircase to the Ecumenical Temple.
  3917 | D:4      | Noticed a black bear
  3926 | D:4      | Killed a black bear
  3927 | D:4      | Reached XP level 7. HP: 44/54 MP: 7/7
  4508 | D:5      | Entered Level 5 of the Dungeon
  4521 | D:5      | Reached skill level 7 in Axes
  4521 | D:5      | Reached skill level 5 in Armour
  4550 | D:5      | Reached skill level 5 in Shields
  4615 | D:5      | Reached **** piety under Hepliaklqana
  4765 | D:5      | Reached XP level 8. HP: 48/63 MP: 8/8
  4862 | D:5      | Found a basalt altar of Yredelemnul.
  5002 | D:5      | Reached skill level 8 in Axes
  5715 | D:6      | Reached skill level 9 in Axes
  5929 | D:6      | Noticed Sigmund
  5951 | D:6      | Killed Sigmund
  6001 | D:6      | Reached skill level 10 in Axes
  6001 | D:6      | Reached XP level 9. HP: 65/71 MP: 9/9
  6252 | D:6      | Noticed Pikel
  6259 | D:6      | Killed Pikel
  6452 | D:6      | Reached skill level 11 in Axes
  6470 | D:6      | Found a hazy altar of Hepliaklqana.
  6627 | D:7      | Found an ornate altar of the Wu Jian Council.
  6660 | D:7      | Found Zushryfis's General Store.
  6703 | D:7      | Found a bloodstained altar of Trog.
  7033 | D:7      | Reached XP level 10. HP: 73/81 MP: 10/10
  7096 | D:7      | Reached skill level 12 in Axes
  7638 | D:8      | Noticed Joseph
  7641 | D:8      | Noticed Harold
  7692 | D:8      | Found a radiant altar of Vehumet.
  7705 | D:8      | Noticed a white ugly thing
  8056 | D:8      | Paralysed by something for 3 turns
  8451 | D:8      | Paralysed by Joseph for 5 turns
  8458 | D:8      | Killed Joseph
  8775 | D:8      | Killed Harold
  8776 | D:8      | Reached skill level 13 in Axes
  9117 | D:8      | Found an ancient bone altar of Kikubaaqudgha.
  9118 | D:8      | Found a shimmering blue altar of Sif Muna.
  9122 | D:8      | Got Sif Muna's Tome of the Voyage
  9193 | D:8      | Reached skill level 1 in Invocations
  9698 | D:9      | Noticed a centaur warrior
  9712 | D:9      | Killed a centaur warrior
  9713 | D:9      | Reached XP level 11. HP: 25/87 MP: 13/13
 10221 | D:9      | Reached ***** piety under Hepliaklqana
 10613 | D:9      | Reached skill level 14 in Axes
 10890 | D:9      | Reached skill level 5 in Invocations
 11142 | D:10     | Entered Level 10 of the Dungeon
 11142 | D:10     | Found a staircase to the Orcish Mines.
 11169 | D:10     | Reached skill level 10 in Fighting
 11232 | D:10     | Found a runed translucent gate.
 11233 | D:10     | Found a runed translucent gate.
 11234 | D:10     | Found a runed translucent gate.
 11234 | D:10     | Noticed robertstho's ghost (novice DgFE)
 11522 | D:10     | Found a staircase to the Lair.
 11794 | D:10     | Noticed a manticore
 11802 | D:10     | Killed a manticore
 11899 | D:10     | Noticed a cyan ugly thing
 11909 | D:10     | Killed a cyan ugly thing
 11993 | D:10     | Found a sacrificial altar of Ru.
 12107 | Lair:1   | Entered Level 1 of the Lair of Beasts
 12360 | Lair:1   | Reached skill level 10 in Armour
 12379 | Lair:1   | Reached skill level 15 in Axes
 12384 | Lair:1   | Reached XP level 12. HP: 71/96 MP: 12/17
 12644 | Lair:1   | Noticed a six-headed hydra
 12673 | Lair:1   | HP: 3/144 [17-headed hydra (5)]
 12673 | Lair:1   | Slain by a 17-headed hydra

Illustrated notes

Levels and vault maps discovered:
D:1:      lemuel_arrival_room, layout_basic,
          shapermc_ecumenical_altar_mp_highgroup, minmay_tall_x
D:2:      layout_loops_cross, minmay_increasing_density, uniq_natasha
D:3:      layout_basic, mainiacjoe_overflow_surrounded_room,
          cheibrodos_sewer_entry_sluice, minmay_pentomino_pile, uniq_terence
D:4:      layout_basic, nicolae_overflow_hidden_temple,
          mainiacjoe_overflow_chevrons, mainiacjoe_overflow_big_doors,
          minmay_temple_entry_arrows, st_stairs_12,
          nicolae_elevator_lobby_asterisk
D:5:      layout_gridville, yredelemnul_forgotten_temple_becter
D:6:      layout_cave_pools, marbit_many_paths, uniq_pikel, uniq_sigmund
D:7:      layout_loops_cross, old_standard_altar, kennysheep_little_box,
          serial_shops, nicolae_diamond_shop
D:8:      layout_rooms, grunt_temple_overflow_magic_moments,
          minmay_gold_behind_fungi, minmay_manual_mail, uniq_joseph, uniq_harold
D:9:      layout_gridville
D:10:     layout_cross, nicolae_ru_path_of_blood, david_lair_generic,
          ebering_ghost_rock_garden, serial_ice, serial_ice_h, serial_ice_a,
          serial_ice_g, serial_ice_l, serial_ice_b
Lair:1:   layout_long_grid, basic_altar, grunt_megastairs_1,
          serial_bayou_shore_b, lemuel_fruit_fields, uniq_nergalle

Skill      XL: |  1  2  3  4  5  6  7  8  9 10 11 |
---------------+----------------------------------+-----
Axes           | 3 4 5 6 7 10 11 13 15 | 15.1
Fighting       | 4 5 6 7 8 9 10 | 10.5
Armour         | 4 5 6 8 10 | 10.1
Shields        | 4 5 6 7 8 9 |  9.6
Invocations    | 3 7 |  7.7

Action                   |  1- 3 |  4- 6 |  7- 9 | 10-12 || total
-------------------------+-------+-------+-------+-------++-------
Melee: War axe           |    98 |   145 |   219 |   315 ||   777
Invok: Ancestor Life: He |     1 |       |       |       ||     1
       Ancestor Identity |     1 |       |       |       ||     1
       Recall Ancestor   |       |     1 |       |     2 ||     3
       Idealise          |       |       |       |     2 ||     2
  Use: Scroll            |       |     7 |     8 |    11 ||    26
       Potion            |       |       |       |     3 ||     3
 Stab: Confused          |     1 |     4 |     5 |     6 ||    16
       Distracted        |     1 |     1 |     4 |     5 ||    11
Armor: Scale mail        |    51 |    43 |       |       ||    94
       Chain mail        |       |     7 |   102 |    48 ||   157
       Plate armour      |       |       |       |   157 ||   157
Dodge: Dodged            |    41 |    49 |    76 |    91 ||   257
Block: Buckler           |    18 |    37 |    47 |   124 ||   226
